[Event "*** Titled Tuesday 3|2 Blitz"]
[Site "Chess.com"]
[Date "2016.06.07"]
[Round "5"]
[White "gmjoey1"]
[Black "JustaTrickstar"]
[Result "1-0"]
[WhiteElo "2529"]
[BlackElo "2473"]
[TimeControl "180+2"]
[EndTime "17:59:35 PDT"]
[Termination "gmjoey1 won on time"]

1. e4 c5 2. Nf3 e6 3. c3 d5 4. exd5 Qxd5 5. d4 Nf6 6. Na3 a6 7. Nc4 Nbd7 8. Ne3 Qc6 9. Be2 Be7 10. Ne5 Qc7 11. f4 O-O 12. Bf3 Rd8 13. O-O cxd4 14. cxd4 Nb6 15. Kh1 Nbd5 16. Nxd5 Nxd5 17. Bd2 Qb6 18.
Bc3 Ne3 19. Qd3 Nxf1 20. Rxf1 Qb5 21. Qb1 f6 22. Be4 fxe5 23. Bxh7+ Kf8 24. fxe5+ Ke8 25. Bd3 Qb6 26. Bc4 Kd7 27. Rf7 Qc6 28. Bd3 Rf8 29.
Rxg7 b5 30. Bb4 Bb7 31. Rxe7+ Kc8 32. Rxb7 Kxb7 33. Bxf8 Rxf8 34. Be4 Rf1+ 35. Qxf1 Qxe4 36. Qf3 1-0

[Event "*** Titled Tuesday 3|2 Blitz"]
[Site "Chess.com"]
[Date "2016.06.07"]
[Round "5"]
[White "Newlight1"]
[Black "evgenyermolaev"]
[Result "1-0"]
[WhiteElo "2202"]
[BlackElo "2275"]
[TimeControl "180+2"]
[EndTime "17:59:38 PDT"]
[Termination "Newlight1 won by checkmate"]

1. e4 c5 2. b4 b6 3. bxc5 bxc5 4. Nc3 Nc6 5. Nf3 g6 6. Bb5 Nd4 7. Bc4 Bg7 8. O-O e6 9. Ba3 d6 10. e5 Bb7 11. Nxd4 cxd4 12. Nb5 Bxe5 13. f4 a6 14.
fxe5 axb5 15. Bxb5+ Kf8 16. Bxd6+ Ne7 17. Qg4 Kg7 18. Qf4 Nf5 19. g4 Nh6 20. Qf6+ Qxf6 21. exf6+ Kg8 22. h3 g5 23. Rab1 Bd5 24. a4 Rc8 25. a5 Rxc2 26. a6 Nxg4 27. hxg4 h5 28. a7 hxg4 29. Ba6 Rh1+ 30. Kf2 Rxd2+ 31. Ke1 Rxf1+ 32.
Bxf1 Ra2 33. Rb8+ Kh7 34. Bd3+ Kh6 35. Rh8# 1-0

[Event "*** Titled Tuesday 3|2 Blitz"]
[Site "Chess.com"]
[Date "2016.06.07"]
[Round "5"]
[White "anon102030"]
[Black "sandropozo"]
[Result "1-0"]
[WhiteElo "2517"]
[BlackElo "2404"]
[TimeControl "180+2"]
[EndTime "17:59:41 PDT"]
[Termination "anon102030 won by resignation"]

1. e4 e6 2. d3 d5 3. Nd2 Nc6 4.
g3 Nf6 5. Bg2 dxe4 6. dxe4 Bc5 7. Ngf3 O-O 8. O-O e5 9. Nc4 Qxd1 10. Rxd1 Nxe4 11. Be3 Bxe3 12. Nxe3 Nf6 13. a4 a5 14. Nd2 Nd4 15. c3 Nf5 16. Nxf5 Bxf5 17. Bxb7 Rab8 18. Bg2 Rxb2 19. Nc4 Rc2 20. Ne3 Bg6 21.
Nxc2 Bxc2 22. Rd2 Bf5 23. Re1 e4 24. Rd4 h5 25. Rc4 Rb8 26. Rxc7 Rb2 27. c4 h4 28.
gxh4 Ra2 29. Rc5 Be6 30. Rxa5 Ng4 31. Ra8+ Kh7 32. Bxe4+ g6 33. h5 Nxf2 34. hxg6+ Kg7 35. Bg2 Bh3 36. gxf7 Kxf7 37. Rf1 1-0

[Event "*** Titled Tuesday 3|2 Blitz"]
[Site "Chess.com"]
[Date "2016.06.07"]
[Round "5"]
[White "Danhy"]
[Black "Cruel_Yaro"]
[Result "1-0"]
[WhiteElo "2485"]
[BlackElo "2538"]
[TimeControl "180+2"]
[EndTime "17:59:45 PDT"]
[Termination "Danhy won by resignation"]

1. e4 c5 2. Nf3 e6 3. d4 cxd4 4. Nxd4 Nc6 5. Nc3 Qc7 6. Be3 Nf6 7. Be2 a6 8. O-O Be7 9. f4 d6 10. Qe1 Nxd4 11. Bxd4 b5 12. a3 O-O 13. Qg3 Bb7 14.
Rad1 Rad8 15. Bf3 Rd7 16. Kh1 Re8 17. e5 dxe5 18. fxe5 Nd5 19. Ne4 Bf8 20. c3 g6 21.
Qf2 Bg7 22. Nd6 Rf8 23. Rde1 Ba8 24. Ne4 a5 25. Nf6+ Bxf6 26. exf6 Rc8 27. Qh4 Qd8 28. Be2 Bc6 29. Rf3 Qf8 30. Rff1 Rcd8 31. Bd3 b4 32.
Be4 bxc3 33. bxc3 Ba8 34. Bxg6 fxg6 35. f7+ Rxf7 36. Rxf7 Qxf7 37. Qxd8+ Qf8 38. Qxf8+ Kxf8 39. Rxe6 1-0

[Event "*** Titled Tuesday 3|2 Blitz"]
[Site "Chess.com"]
[Date "2016.06.07"]
[Round "5"]
[White "Silent_Terror"]
[Black "hangemhigh"]
[Result "1-0"]
[WhiteElo "2503"]
[BlackElo "2225"]
[TimeControl "180+2"]
[EndTime "17:59:49 PDT"]
[Termination "Silent_Terror won by resignation"]

1. e4 e5 2. Nf3 d6 3. d4 exd4 4. Nxd4 Nf6 5. Nc3 Be7 6. Be2 O-O 7. Be3 c5 8. Nf3 Nc6 9. O-O Ng4 10. Bf4 Nge5 11.
Bxe5 dxe5 12. Nd5 Be6 13. Bc4 Bf6 14. c3 Na5 15. Nxf6+ Qxf6 16. Bxe6 Qxe6 17. Qa4 Nc6 18. Qb5 f6 19. Qxc5 Rfd8 20. Qa3 Rd3 21. Qb3 Qxb3 22. axb3 Rad8 23. Rfe1 a6 24. Kf1 Kf7 25. Ke2 Ke6 26. b4 f5 27. exf5+ Kxf5 28. Red1 Rxd1 29. Rxd1 Rxd1 30. Kxd1 e4 31. Nd4+ Nxd4 32. cxd4 Ke6 33. Ke2 Kd5 34. Ke3 h5 35. h4 b6 36. b3 g6 37. f3 exf3 38. gxf3 Kc6 39. Ke4 a5 40.
bxa5 bxa5 41. d5+ Kc5 42. Ke5 g5 43. hxg5 h4 44. Kf4 h3 45. Kg3 Kxd5 46. Kxh3 Kd4 47. g6 Kc3 1-0

[Event "*** Titled Tuesday 3|2 Blitz"]
[Site "Chess.com"]
[Date "2016.06.07"]
[Round "5"]
[White "Abrito99"]
[Black "Viaje"]
[Result "1-0"]
[WhiteElo "2340"]
[BlackElo "2130"]
[TimeControl "180+2"]
[EndTime "17:59:56 PDT"]
[Termination "Abrito99 won on time"]

1. e4 c5 2. d4 cxd4 3. c3 Nf6 4. e5 Nd5 5. Nf3 e6 6. cxd4 b6 7. Bd3 Bb4+ 8. Bd2 Bxd2+ 9. Qxd2 Ba6 10. O-O O-O 11.
Bxa6 Nxa6 12. Qe2 Nac7 13. Nbd2 d6 14. Nc4 dxe5 15. dxe5 Qe7 16. Nd6 Ne8 17. Ne4 f5 18.
exf6 Nexf6 19. Neg5 Rae8 20. Rfe1 Nf4 21. Qc4 N6d5 22.
Rad1 Qf6 23. Ne4 Qg6 24. Ng3 Rc8 25. Qb3 h5 26. Re5 Rf6 27. Rg5 Qe8 28. Ne4 Rg6 29. Nd6 Rxg5 30. Nxg5 Qg6 31. Nxc8 Qxg5 32. Qf3 a6 33.
Nd6 Qe5 34. Nc4 Qc7 35. Ne3 Nf6 36. h4 e5 37. g3 Nh3+ 38. Kg2 e4 39. Qf5 1-0

[Event "*** Titled Tuesday 3|2 Blitz"]
[Site "Chess.com"]
[Date "2016.06.07"]
[Round "5"]
[White "Keaton87"]
[Black "AlexanderL"]
[Result "1-0"]
[WhiteElo "2471"]
[BlackElo "2570"]
[TimeControl "180+2"]
[EndTime "18:00:01 PDT"]
[Termination "Keaton87 won by resignation"]

1. e4 e6 2. d4 d5 3. Nd2 c5 4. Ngf3 Nf6 5. e5 Nfd7 6. c3 Nc6 7. Bd3 Qb6 8. O-O cxd4 9. cxd4 Nxd4 10. Nxd4 Qxd4 11. Nf3 Qb6 12. Qa4 Qb4 13. Qc2 Nc5 14. Be3 Nxd3 15. Qxd3 Bd7 16. Rfc1 Be7 17. a3 Qb5 18.
Qd2 O-O 19. Rc7 Rfd8 20. Rac1 Rac8 21. Nd4 Qa6 22. h3 h6 23. R1c3 Bf8 24. Rxd7 Rxd7 25.
Rxc8 b6 26. Rb8 Qc4 27. Qb4 Qxb4 28. axb4 g5 29. Nc6 Kg7 30. b5 Bc5 31. b4 d4 32.
Bd2 Bf8 33. Ra8 Rd5 34. Rxa7 Rxb5 35. Kf1 d3 36. f3 Rd5 37. Kf2 Kg6 38. g4 f6 39. Ke3 f5 40. Ra8 Kf7 41. Rd8 Rxd8 42. Nxd8+ Ke7 43. Nc6+ Kd7 44. b5 Bc5+ 45. Kxd3 Bf2 46.
Be3 Bxe3 47. Kxe3 f4+ 48. Ke4 Kc7 49. Nd4 Kd7 50. Nc2 Ke7 51. Ne1 Kf7 52. Nd3 Kg6 53.
Nb2 1-0

[Event "*** Titled Tuesday 3|2 Blitz"]
[Site "Chess.com"]
[Date "2016.06.07"]
[Round "5"]
[White "AleksandrKholin"]
[Black "Kawhi_Leonard2"]
[Result "1-0"]
[WhiteElo "2121"]
[BlackElo "2038"]
[TimeControl "180+2"]
[EndTime "18:00:01 PDT"]
[Termination "AleksandrKholin won by resignation"]

1. d4 Nf6 2. c4 e6 3. Nf3 d5 4. g3 Be7 5. Bg2 O-O 6. O-O dxc4 7. Qc2 a6 8. Qxc4 b5 9. Qc2 Bb7 10. Nbd2 Nbd7 11. Nb3 Rc8 12. Na5 Be4 13. Qd2 c5 14.
dxc5 Bxc5 15. Nb3 Bb6 16. Qd1 h6 17. Bf4 Rc2 18. Bd6 Re8 19. Ne5 Rxb2 20. Bxe4 Nxe4 21.
Nc6 Qf6 22. Ba3 Nb8 23. Bxb2 Qxb2 24. Nxb8 Rxb8 25. Qd3 Nxf2 26. Rxf2 Bxf2+ 27. Kxf2 a5 28. Rc1 Qf6+ 29. Qf3 a4 30. Qxf6 gxf6 31. Nd4 b4 32. Rb1 Rb6 33. Nc2 b3 34. axb3 axb3 35. Nd4 b2 36. Ke3 f5 37. Kd2 Kg7 38. Kc3 Kf6 39. Rxb2 1-0

[Event "*** Titled Tuesday 3|2 Blitz"]
[Site "Chess.com"]
[Date "2016.06.07"]
[Round "5"]
[White "AllStarShark"]
[Black "aspired"]
[Result "0-1"]
[WhiteElo "2142"]
[BlackElo "2488"]
[TimeControl "180+2"]
[EndTime "18:00:10 PDT"]
[Termination "aspired won by resignation"]

1. c4 c5 2. g3 Nc6 3. Bg2 g6 4.
Nc3 Bg7 5. d3 Nf6 6. Nf3 O-O 7.
O-O d5 8. cxd5 Nxd5 9. Nxd5 Qxd5 10. a3 b6 11. Rb1 Bb7 12. b4 Rac8 13. Bd2 Rfd8 14. b5 Nd4 15. Be3 Nxf3+ 16. Bxf3 Qd7 17. Bxb7 Qxb7 18. a4 h5 19. h4 c4 20. Rc1 cxd3 21. Rxc8 Qxc8 22. exd3 Qd7 23. d4 Bxd4 24. Bxd4 Qxd4 25.
Qc2 Rd7 26. Rc1 Kg7 27. Kg2 e5 28. Re1 Qd5+ 29. Kg1 Qd4 30. Kg2 Qd6 31. Qe4 Re7 32.
Re3 f5 33. Qc2 e4 34. Re2 Rd7 35. Qc3+ Qd4 36. Qc6 Qd5 37. Qc3+ Kh7 38. Re3 Qd4 39. Qc6 Rf7 40. Qe6 Kg7 41. Qb3 f4 42. gxf4 Rxf4 43. Kg3 Rg4+ 44. Kh3 Qf6 45. Qc3 Rxh4+ 46. Kg3 Rg4+ 47.
Kh3 Rf4 48. Qxf6+ Kxf6 49. Rc3 Rf3+ 50. Rxf3+ exf3 51. Kg3 Kf5 52. Kxf3 g5 53. Kg3 h4+ 54. Kf3 g4+ 55. Ke3 h3 0-1

[Event "*** Titled Tuesday 3|2 Blitz"]
[Site "Chess.com"]
[Date "2016.06.07"]
[Round "5"]
[White "silverback96"]
[Black "hermionegrangermagic"]
[Result "0-1"]
[WhiteElo "2040"]
[BlackElo "2287"]
[TimeControl "180+2"]
[EndTime "18:00:10 PDT"]
[Termination "hermionegrangermagic won by checkmate"]

1. d4 b5 2. e4 a6 3. Nf3 Bb7 4.
Nbd2 e6 5. Bd3 c5 6. c3 d6 7. Qe2 Nd7 8. Nf1 Ngf6 9. Ng3 Be7 10. h4 O-O 11. h5 h6 12. Nh2 b4 13. Ng4 Nxg4 14.
Qxg4 Nf6 15. Qe2 bxc3 16. bxc3 Qa5 17. Bd2 cxd4 18. cxd4 Qa4 19. Be3 Qb4+ 20. Qd2 Qxd2+ 21. Kxd2 Ng4 22. Rhc1 Nxe3 23. Kxe3 e5 24. d5 Bg5+ 25. Ke2 Bxc1 26. Rxc1 Rfc8 27. Rb1 Rab8 28. Nf5 Rd8 29. Rb6 Ba8 30. Rxa6 Rb2+ 31. Ke3 Bb7 32. Rxd6 Ra8 33. Rd7 Ba6 34. Bxa6 Rxa6 35. Rd8+ Kh7 36. Kf3 Ra3+ 37. Ne3 Raxa2 38. d6 Rxf2+ 39. Kg4 Rf4+ 40. Kg3 Ra3 41. d7 Rxe3+ 42. Kh2 Rd3 43. Kg1 Rxe4 44. Kf2 Red4 45. Ke2 Rxd7 46. Re8 f6 47. Kf2 Rb7 48. Kg1 Rb2 49.
Kh2 Rdd2 50. Kh3 Rxg2 51. Kh4 Rg5 52. Kh3 Rxh5+ 53. Kg4 Rg5+ 54. Kh3 h5 55. Ra8 Rb3+ 56. Kh4 Rb4+ 57. Kh3 Rgg4 58. Kh2 Rgc4 59. Ra3 e4 60. Kg3 Rd4 61. Ra5 Rd3+ 62. Kh4 e3+ 63. Kxh5 e2 64. Ra8 Rh3# 0-1

[Event "*** Titled Tuesday 3|2 Blitz"]
[Site "Chess.com"]
[Date "2016.06.07"]
[Round "5"]
[White "rdclayton"]
[Black "yopino"]
[Result "0-1"]
[WhiteElo "2091"]
[BlackElo "2264"]
[TimeControl "180+2"]
[EndTime "18:00:12 PDT"]
[Termination "yopino won by checkmate"]

1. d4 Nf6 2. c4 e6 3. Nf3 Bb4+ 4. Nbd2 b6 5. a3 Bxd2+ 6. Qxd2 Bb7 7. b4 O-O 8. e3 a5 9. b5 d6 10. Bd3 Nbd7 11.
O-O e5 12. Be2 Qe7 13. Bb2 Ne4 14. Qc2 Ng5 15. Nxg5 Qxg5 16. g3 Rae8 17. Rfe1 Qh6 18. Bf1 Qh5 19. Rad1 Bf3 20. Be2 e4 21. Bxf3 exf3 22.
Qd3 Qh3 23. Qf1 Qf5 24. Qd3 Re4 25. d5 Nc5 26. Qf1 h5 27. Rd4 Rxd4 28. Bxd4 Ne4 29.
Rd1 h4 30. Ba1 f6 31. Rd4 Kf7 32. Qb1 Re8 33. Qd1 hxg3 34. fxg3 Rh8 35. Qf1 f2+ 36. Kg2 Qh3+ 37. Kf3 Qxf1 38. Rxe4 Rxh2 39. Bxf6 Qg2+ 40. Kg4 Qxe4+ 41. Kg5 gxf6# 0-1

[Event "*** Titled Tuesday 3|2 Blitz"]
[Site "Chess.com"]
[Date "2016.06.07"]
[Round "5"]
[White "Penguininja"]
[Black "Aguiar94"]
[Result "0-1"]
[WhiteElo "2218"]
[BlackElo "2342"]
[TimeControl "180+2"]
[EndTime "18:00:43 PDT"]
[Termination "Aguiar94 won by resignation"]

1. d4 Nf6 2. c4 e6 3. Nf3 b6 4. g3 Ba6 5. Qc2 Bb7 6. Bg2 c5 7. d5 exd5 8. cxd5 Nxd5 9. O-O Be7 10. Rd1 Nc6 11. Qa4 Nf6 12. Nc3 O-O 13. Ne5 Qc8 14. Ng4 Nxg4 15. Qxg4 d6 16. Qa4 Nb4 17. e4 Bc6 18.
Qb3 Bf6 19. Bf4 Be5 20. Be3 Qb7 21. f4 Bxc3 22. bxc3 Na6 23. Rxd6 Bxe4 24. Bf1 Rae8 25. Rad1 Bc6 26. Bf2 Nc7 27. Bxc5 bxc5 28. Qxb7 Bxb7 29. Rd7 Rc8 30. Bc4 Bc6 31. R7d6 Bb5 32. Bb3 c4 33. Bc2 Ne6 34. Bf5 Rcd8 35. Bxe6 Rxd6 36. Bxf7+ Kxf7 37. Rxd6 Ke7 38. Rd5 Rb8 39. Rc5 Kd6 40. Rg5 Rb7 41. Kf2 Bc6 42. Ra5 Rb2+ 43. Ke3 Rxh2 44. Rxa7 g6 45.
Kd4 h5 46. Kxc4 Rxa2 47. Rg7 Be4 48. Kd4 Bf5 49. c4 Rd2+ 50. Kc3 Rg2 51. Kb4 Rxg3 52. Ra7 Rg1 53. c5+ Kd5 0-1

[Event "*** Titled Tuesday 3|2 Blitz"]
[Site "Chess.com"]
[Date "2016.06.07"]
[Round "5"]
[White "jcibarra"]
[Black "Fandorine"]
[Result "1-0"]
[WhiteElo "2648"]
[BlackElo "2610"]
[TimeControl "180+2"]
[EndTime "18:00:55 PDT"]
[Termination "jcibarra won by resignation"]

1. e4 c6 2. d4 d5 3. e5 c5 4. dxc5 Nc6 5. a3 Nxe5 6. b4 g6 7. Bb5+ Nc6 8. Bb2 Nf6 9. Nc3 e6 10. Nf3 Bg7 11. Ne2 O-O 12. O-O Bd7 13. Bd3 Qc7 14.
c4 Rad8 15. cxd5 Nxd5 16. Bxg7 Kxg7 17. Qb3 Nf4 18. Qc3+ f6 19. Nxf4 Qxf4 20. Rad1 e5 21. Be2 Bg4 22. b5 Bxf3 23. Rxd8 Rxd8 24. Qxf3 Nd4 25.
Qxb7+ Kh6 26. Bd1 e4 27. c6 e3 28. fxe3 Qxe3+ 29. Kh1 Ne6 30. h3 Qd3 31. Rg1 Qc4 32.
a4 Rd3 33. Bf3 Qc5 34. Qb8 Ng5 35. Qf4 Rc3 36. h4 Kg7 37. hxg5 fxg5 38. Qc7+ Kh6 39. Qh2+ Kg7 40. Re1 Rc1 41. Rxc1 Qxc1+ 42. Qg1 Qc4 43. Qxa7+ Kh6 44. Qf2 Kg7 45. b6 h5 46. b7 g4 47.
b8=Q 1-0

[Event "*** Titled Tuesday 3|2 Blitz"]
[Site "Chess.com"]
[Date "2016.06.07"]
[Round "5"]
[White "Fawolizzo"]
[Black "akinov-akinseye"]
[Result "1-0"]
[WhiteElo "1994"]
[BlackElo "1704"]
[TimeControl "180+2"]
[EndTime "18:01:05 PDT"]
[Termination "Fawolizzo won on time"]

1. d4 d5 2. Nf3 Nf6 3. c4 e6 4.
Nbd2 c5 5. cxd5 exd5 6. e3 cxd4 7. Nxd4 Be7 8. Bb5+ Bd7 9. Bd3 O-O 10. O-O Nc6 11.
Nf5 Bxf5 12. Bxf5 Bd6 13. Nb3 Qc7 14. h3 Rad8 15. Bd2 Be5 16. Qb1 h6 17. Rc1 Qe7 18. Bc3 d4 19. exd4 Bxd4 20. Nxd4 Nxd4 21. Re1 Qc5 22.
Bd3 Nd5 23. Bd2 Nb4 24. Bxb4 Qxb4 25. Re4 Qd6 26. Re3 Ne6 27. Qe1 Nf4 28. Bf1 Ne6 29. Rc1 Qb6 30. Rb3 Qd4 31. Rxb7 Qd5 32. Rxa7 Rb8 33. b3 Qg5 34. Ra5 Qg6 35. Re5 Nd4 36.
Qe4 Qxe4 37. Rxe4 Ne6 38. Bc4 Ng5 39. Re7 Ra8 40. a4 Rae8 41. Rce1 Rb8 42. a5 Nh7 43. a6 Ra8 44. a7 Nf6 45. b4 1-0

[Event "*** Titled Tuesday 3|2 Blitz"]
[Site "Chess.com"]
[Date "2016.06.07"]
[Round "5"]
[White "Ksenia_Legenko"]
[Black "Andrejkin"]
[Result "1-0"]
[WhiteElo "2049"]
[BlackElo "2124"]
[TimeControl "180+2"]
[EndTime "18:01:06 PDT"]
[Termination "Ksenia_Legenko won by checkmate"]

1. d4 d5 2. c4 c6 3. Nf3 Nf6 4. g3 h6 5. Qc2 e6 6. Bg2 Nbd7 7. O-O Be7 8. Nbd2 O-O 9. e4 dxe4 10. Nxe4 Nxe4 11. Qxe4 Nf6 12. Qc2 b6 13. Ne5 Bb7 14.
Rd1 Rc8 15. c5 Nd5 16. a3 Qc7 17. Nf3 Rfd8 18. b4 a5 19. Bd2 axb4 20. axb4 Ra8 21. Ne5 Bf6 22. f4 b5 23. Qe4 g6 24. g4 Bg7 25. g5 h5 26. Bf1 Ne7 27. Bh3 Nd5 28. Nxg6 fxg6 29. Qxg6 Rxa1 30. Bxe6+ Kf8 31. Rxa1 Bxd4+ 32. Kh1 Qg7 33. Qf5+ Ke7 34. Ra7 Rb8 35. g6 Bf6 36. Bf7 Nc7 37. Qe4+ Kd8 38. f5 Be5 39.
Bg5+ Bf6 40. Bf4 Nd5 41. Rxb7 Rxb7 42. Qe8# 1-0

[Event "*** Titled Tuesday 3|2 Blitz"]
[Site "Chess.com"]
[Date "2016.06.07"]
[Round "5"]
[White "bugsbunny444"]
[Black "Mornar1951"]
[Result "0-1"]
[WhiteElo "2362"]
[BlackElo "2501"]
[TimeControl "180+2"]
[EndTime "18:01:23 PDT"]
[Termination "Mornar1951 won by resignation"]

1. Nf3 Nf6 2. c4 e6 3. g3 d5 4. Bg2 dxc4 5. Qc2 c5 6. Ne5 Nbd7 7. Nxd7 Qxd7 8. Na3 Rb8 9. Nxc4 b5 10. Ne5 Qc7 11. d3 Bb7 12. Bxb7 Qxb7 13. O-O Bd6 14. Nf3 O-O 15. a4 a6 16. axb5 axb5 17. Be3 Rfc8 18. Rfc1 Nd5 19. Bd2 c4 20. Be1 h6 21. Qd1 Bf8 22.
Rab1 Rd8 23. Qc2 cxd3 24. Qxd3 Nf4 25. Qe3 Nh3+ 26. Kg2 Ng5 27. h4 Ne4 28. Ra1 Qd5 29.
Kg1 Bc5 30. Rxc5 Nxc5 31. Bc3 Rbc8 32. Ba5 Re8 33. Bb4 Nb3 34. Ra3 Nc5 35. Kh2 e5 36.
Rc3 Ne4 37. Rd3 Qb7 38. Nd2 Nxd2 39. Qxd2 Qb6 40. Kg2 Rcd8 41. Ba5 Qc6+ 42. f3 Rxd3 43. Qxd3 e4 44. Qc3 exf3+ 45. exf3 Re2+ 46. Kf1 Qxc3 47. bxc3 Ra2 48. Bb4 h5 49. Kg1 f5 50. Kf1 g6 51.
Kg1 Kf7 52. Kf1 Ke6 53. Ke1 Kd5 54. Be7 Kc4 55. Bf6 Rc2 56. Kd1 Rxc3 0-1

[Event "*** Titled Tuesday 3|2 Blitz"]
[Site "Chess.com"]
[Date "2016.06.07"]
[Round "5"]
[White "chessking2151"]
[Black "severomorskij"]
[Result "1/2-1/2"]
[WhiteElo "2335"]
[BlackElo "2589"]
[TimeControl "180+2"]
[EndTime "18:01:53 PDT"]
[Termination "Game drawn by agreement"]

1. e4 c5 2. c3 d5 3. exd5 Qxd5 4. d4 Nf6 5. Nf3 Bf5 6. Be3 Nc6 7. Na3 e6 8. Nb5 O-O-O 9. c4 Qd7 10. dxc5 Qxd1+ 11. Rxd1 Rxd1+ 12. Kxd1 Ne4 13. Kc1 a6 14. Nbd4 Bxc5 15.
Nxc6 Bxe3+ 16. fxe3 bxc6 17. Be2 c5 18. Ne5 f6 19.
Nd3 Kc7 20. Bf3 Kb6 21. Rd1 Rd8 22. g4 Bg6 23. Nf4 Rxd1+ 24. Kxd1 Ng5 25. Bg2 e5 26. Nd5+ Ka7 27. h4 Ne6 28. Kd2 h5 29. Ne7 Bf7 30.
gxh5 Bxh5 31. Bh3 Bf7 32. Nf5 Kb6 33. b3 Kc7 34. Bg2 g6 35. Nh6 Be8 36. Ng4 f5 37.
Nxe5 Kd6 38. Nd3 Ke7 39. a3 a5 40. Bd5 Nc7 41. Bf3 Kd6 42. b4 axb4 43. axb4 cxb4 44. c5+ Ke7 45. Nxb4 Ne6 46. Nd5+ Kf7 47. Kd3 Nxc5+ 48. Kd4 Nb3+ 49. Ke5 Bc6 50. h5 gxh5 51. Bxh5+ Kg7 52.
Ne7 Bd7 53. Kd6 Bb5 54. Nxf5+ Kf6 55. Ng3 Nd2 56. e4 Nxe4+ 57. Nxe4+ Kf5 58. Nc3 Ba6 59.
Kc5 Kf4 60. Kb6 Bd3 61. Kc5 Ke5 62. Bd1 Bf5 63. Ne2 Bg4 1/2-1/2

[Event "*** Titled Tuesday 3|2 Blitz"]
[Site "Chess.com"]
[Date "2016.06.07"]
[Round "5"]
[White "ilya261991"]
[Black "GianmarcoVaR"]
[Result "0-1"]
[WhiteElo "2509"]
[BlackElo "2355"]
[TimeControl "180+2"]
[EndTime "18:02:28 PDT"]
[Termination "GianmarcoVaR won on time"]

1. d4 g6 2. c4 Bg7 3. e4 d6 4.
Nc3 e5 5. Nge2 Nd7 6. Be3 Ne7 7.
h4 f5 8. h5 f4 9. Bc1 O-O 10.
d5 g5 11. f3 h6 12. g4 Nf6 13. Ng1 a6 14. Rb1 Rb8 15. b4 c6 16. Be2 Bd7 17. Nh3 b5 18. c5 Nc8 19. Bb2 Rf7 20. Nf2 Bf8 21. Nd3 a5 22. a3 a4 23. Kf1 Be8 24. Kg2 dxc5 25. Nxe5 cxb4 26. Nxf7 Bxf7 27. axb4 Bxb4 28.
dxc6 Qe7 29. Nd5 Nxd5 30. exd5 Bc5 31. Re1 Qe3 32. Rf1 Nd6 33. Rc1 b4 34. Ba6 Ra8 35.
Bb7 Re8 36. Rc2 a3 37. Bc1 Qd4 38. Qxd4 Bxd4 39. c7 Nxb7 40. c8=Q Rxc8 41. Rxc8+ Kg7 42. Rc7 a2 43. Bd2 b3 44. Rxb7 b2 45. Rxb2 Bxb2 46. d6 Kf6 47. Ba5 Ke6 48. Bb4 Kd7 49. Re1 Be6 50. Kf2 a1=Q 51. Rxa1 Bxa1 52. Ke2 Be5 53. Kd3 Bd5 54. Ke2 Ke6 55. d7 Kxd7 56. Bf8 Ke8 57. Bxh6 Bf6 58. Kf2 Kf7 59. Kg2 Be7 60. Kf2 Kf6 61. Ke2 Bc5 62. Kd3 Bxf3 63. Kc4 Be7 64. Kd4 Bxg4 65. Ke4 Bxh5 0-1

[Event "*** Titled Tuesday 3|2 Blitz"]
[Site "Chess.com"]
[Date "2016.06.07"]
[Round "5"]
[White "matej2221"]
[Black "Dlugy"]
[Result "1/2-1/2"]
[WhiteElo "2490"]
[BlackElo "2596"]
[TimeControl "180+2"]
[EndTime "18:02:52 PDT"]
[Termination "Game drawn by stalemate"]

1. e4 c5 2. Nf3 d6 3. d4 cxd4 4. Nxd4 Nf6 5. f3 e5 6. Nb3 a5 7. Nc3 a4 8. Nd2 Be6 9. Bb5+ Bd7 10. Bxd7+ Nbxd7 11. Nc4 Nb6 12. Nxb6 Qxb6 13. Qd3 Be7 14.
Be3 Qa6 15. Qxa6 Rxa6 16. O-O-O h6 17. a3 Kd7 18. Rd3 Rc8 19. Rhd1 Ke6 20. Nd5 Nxd5 21. Rxd5 f5 22. exf5+ Kxf5 23. Rb5 Rc7 24. f4 Ke6 25.
fxe5 dxe5 26. Re1 Rac6 27. c3 Kf6 28. Bb6 Rd7 29. Kc2 Bd6 30. Bf2 Re7 31. Re4 Ra6 32.
Bg3 Kf5 33. Rd4 Kf6 34. Rdd5 g5 35. Kd2 h5 36. Ke2 h4 37. Bf2 Ke6 38. h3 Rf7 39.
Be3 Rg7 40. Kf3 Rc6 41. Rd2 Kf5 42. Rbd5 Rg6 43. Rf2 Ke6 44. Rfd2 Be7 45. Rd7 b6 46. Rb7 Bc5 47. Bxc5 bxc5 48. Rdd7 Kf5 49. Rf7+ Rgf6 50. Rxf6+ Rxf6 51. Rb5 Rc6 52. Ra5 Rb6 53. Rxa4 Rxb2 54.
Rc4 Rb3 55. Rxc5 Rxa3 56. Ke3 Ra2 57. Kf3 Rd2 58. Rc4 Rd3+ 59. Ke2 Rg3 60. Kf2 e4 61. Rc8 Rd3 62. Rf8+ Ke6 63. Re8+ Kd5 64. Rd8+ Kc4 65. Rc8+ Kb3 66. Re8 Rd2+ 67. Kf1 Kxc3 68. Rxe4 Rd5 69. Kf2 Kd3 70. Re3+ Kd4 71. Re8 Rf5+ 72.
Ke2 Ra5 73. Kf3 Ra3+ 74. Kf2 Kd5 75. Rg8 Rg3 76. Re8 Kd6 77. Re3 Rxe3 78. Kxe3 Ke5 79. Kf3 Kf5 80. Ke3 Ke5 81. Kf3 Kf5 82. Ke3 g4 83. hxg4+ Kxg4 84. Kf2 Kf4 85. Kg1 Kg3 86. Kh1 h3 87. Kg1 hxg2 1/2-1/2

[Event "*** Titled Tuesday 3|2 Blitz"]
[Site "Chess.com"]
[Date "2016.06.07"]
[Round "6"]
[White "AlexanderL"]
[Black "AleksandrKholin"]
[Result "1-0"]
[WhiteElo "2572"]
[BlackElo "2120"]
[TimeControl "180+2"]
[EndTime "18:06:27 PDT"]
[Termination "AlexanderL won by resignation"]

1. Nf3 Nf6 2. g3 b6 3. Bg2 Bb7 4. O-O e6 5. c4 c5 6. Nc3 Be7 7. Re1 d6 8. e4 O-O 9. d4 cxd4 10. Nxd4 Nc6 11. b3 a6 12. Bb2 Qc7 13. Rc1 Rfd8 14. Nd5 Qb8 15. Nxc6 1-0

[Event "*** Titled Tuesday 3|2 Blitz"]
[Site "Chess.com"]
[Date "2016.06.07"]
[Round "6"]
[White "Fandorine"]
[Black "yopino"]
[Result "1-0"]
[WhiteElo "2612"]
[BlackElo "2262"]
[TimeControl "180+2"]
[EndTime "18:06:46 PDT"]
[Termination "Fandorine won by resignation"]

1. e4 c5 2. Nf3 g6 3. c3 Bg7 4. d4 cxd4 5. cxd4 d5 6. e5 Nh6 7. h3 O-O 8. Bd3 Nc6 9. Nc3 Nf5 10. Bc2 Qb6 11. Nxd5 Qa5+ 12. Nc3 Nfxd4 13. Nxd4 Rd8 14. O-O Bxe5 15. Nxc6 1-0

[Event "*** Titled Tuesday 3|2 Blitz"]
[Site "Chess.com"]
[Date "2016.06.07"]
[Round "6"]
[White "MinhGTrAn"]
[Black "howitzer14"]
[Result "1/2-1/2"]
[WhiteElo "2655"]
[BlackElo "2685"]
[TimeControl "180+2"]
[EndTime "18:07:01 PDT"]
[Termination "Game drawn by agreement"]

1. d4 Nf6 2. Bf4 g6 3. e3 Bg7 4.
Nf3 d6 5. h3 O-O 6. Be2 Nfd7 7.
O-O e5 8. Bh2 Nc6 9. c4 exd4 10.
exd4 Nf6 11. Nc3 Re8 12. Re1 Ne4 13. Nd5 Nf6 14. Nc3 Ne4 15. Nd5 Nf6 16. Nc3 Bf5 17. d5 Ne7 18. Nd4 Bd7 19. Qd2 Nf5 20. Nxf5 Bxf5 21. Bf3 a6 22. Rxe8+ Qxe8 23. Re1 Qf8 24.
Bf4 Re8 25. Rxe8 Qxe8 26. c5 Qe7 27. c6 b5 1/2-1/2

[Event "*** Titled Tuesday 3|2 Blitz"]
[Site "Chess.com"]
[Date "2016.06.07"]
[Round "6"]
[White "Quiet_Desperation"]
[Black "Generalas"]
[Result "0-1"]
[WhiteElo "2294"]
[BlackElo "2229"]
[TimeControl "180+2"]
[EndTime "18:07:49 PDT"]
[Termination "Generalas won by resignation"]

1. e4 e5 2. Nf3 Nc6 3. Bb5 a6 4.
Ba4 Nf6 5. d3 b5 6. Bb3 Be7 7. c3 O-O 8. O-O d6 9. h3 Na5 10. Bc2 c5 11. Qe2 Qc7 12. Rd1 Re8 13. Nbd2 g6 14. Nf1 Bf8 15. Bg5 Bg7 16. Ng3 h6 17. Be3 Kh7 18. a4 Bd7 19. axb5 axb5 20.
Nh2 Nc6 21. Rf1 Qb7 22. f4 Rxa1 23. Rxa1 Ra8 24. Rf1 Ra2 25. Bb3 Ra6 26. Bxf7 Bc8 27. Bb3 Na5 28. Bc2 c4 29. d4 Nd7 30. f5 g5 31. Qh5 Nf6 32. Qg6+ Kg8 33. Ng4 Nxg4 34. hxg4 Qf7 35. Qxd6 Rxd6 0-1

[Event "*** Titled Tuesday 3|2 Blitz"]
[Site "Chess.com"]
[Date "2016.06.07"]
[Round "6"]
[White "Viaje"]
[Black "silverback96"]
[Result "1-0"]
[WhiteElo "2141"]
[BlackElo "2029"]
[TimeControl "180+2"]
[EndTime "18:08:02 PDT"]
[Termination "Viaje won by resignation"]

1. d4 c5 2. d5 g6 3. Nc3 Bg7 4. e4 d6 5. h4 Nf6 6. h5 Nxh5 7. Rxh5 gxh5 8. Qxh5 Qa5 9. Bd2 Qb4 10. O-O-O Qa5 11.
Kb1 Na6 12. Nf3 Nb4 13. a3 Bd7 14. axb4 cxb4 15. Na2 Rc8 16. Ng5 Rxc2 17. Qxf7+ Kd8 18. Qxg7 Rxd2 19. Qxh8+ Be8 20. Rxd2 b3 21. Nc3 Qb4 22.
Ne6+ Kd7 23. Bb5+ 1-0